 Dungeon Crawl Stone Soup version 0.26.1-11-gd32895ea62 (webtiles) character file.

Game seed: 17375949607883595800

57 ohmysez the Skirmisher (level 4, -2/31 HPs)
             Began as an Octopode Fighter on Apr 27, 2021.
             Killed by nerve-wracking pain
             ... invoked by Jessica
              (12 damage)
             ... on level 3 of the Dungeon.
             The game lasted 00:09:21 (2031 turns).

ohmysez the Skirmisher (Octopode Fighter)           Turns: 2031, Time: 00:09:21

Health: -2/31      AC:  1    Str: 16    XL:     4   Next: 0%
Magic:  4/4        EV: 11    Int: 10    God:
Gold:   82         SH:  8    Dex: 11    Spells: 3/3 levels left

rFire    . . .     SeeInvis .   a - +0 rapier
rCold    . . .     Faith    .   b - +0 kite shield
rNeg     . . .     Spirit   .   (helmet restricted)
rPois    .         Reflect  .   (no amulet)
rElec    .         Harm     .   (no ring)
rCorr    .         Rampage  .   (no ring)
Will     .....                  (no ring)
Stlth    +++.......             (no ring)
HPRegen  0.10/turn              (no ring)
MPRegen  0.09/turn              (no ring)
                                (no ring)
                                (no ring)

@: no status effects
A: almost no armour, stealthy swim, amphibious, 8 rings, constrict 8, camouflage
1, gelatinous body 1
a: no special abilities


You were on level 3 of the Dungeon.
You visited 1 branch of the dungeon, and saw 3 of its levels.

You collected 82 gold pieces.

Inventory:

Hand Weapons
 a - a +0 rapier (weapon)
 f - a +0 flail
 j - a +0 hunting sling
 n - a +0 long sword
Missiles
 d - 36 bolts
 l - 5 boomerangs (quivered)
Armour
 b - a +0 kite shield (worn)
Scrolls
 g - 3 scrolls of remove curse
 h - a scroll of teleportation
 k - 2 scrolls of fog {unknown}
 m - 2 scrolls of identify {unknown}
Potions
 c - a potion of might
 e - 2 potions of curing


   Skills:
 + Level 3.4 Fighting
 + Level 2.7 Short Blades
 + Level 3.3 Dodging
 + Level 1.5 Stealth
 + Level 3.3 Shields


You had 3 spell levels left.
You didn't know any spells.
Your spell library was empty.

Dungeon Overview and Level Annotations

Branches:
Dungeon (3/15)

Altars:

Annotations:
D:3 Jessica


Innate Abilities, Weirdness & Mutations

You cannot wear most types of armour.
You are very stealthy in the water. (Stealth+)
You are amphibious.
You can wear up to eight rings at the same time.
You can use your tentacles to constrict eight enemies at once.
Your skin changes colour to match your surroundings (Stealth+).
Your rubbery body absorbs attacks. (AC +1, EV +1)


Message History

The orc shouts!
You hear an angry hiss.
A hobgoblin comes into view.
The orc barely misses you.
You hit the orc but do no damage. You grab the orc. You constrict the orc.
The orc barely misses you.
You hit the orc.
You kill the orc!
You have reached level 4!
Things that are here:
a +0 flail; an orc corpse
f - a +0 flail You hear the slow rusting of a very distant drain.
The howler monkey howls!
The howler monkey hoots and howls with incredible vigour!
You hear a shout! x3; You hear an angry hiss.
Jessica gestures wildly while chanting.
Jessica blinks!
Jessica points at you and mumbles some strange words.
Pain shoots through your body!
You die...

###.########.####### #. ..†.# #.#
####.. ...#########.##### #.....
##.............@.# ... #.
###########@###.# #.# ## # #.#
#.# ###..# # #.###.# #.?. # #
##.#...######.#########
###########.....@..........o..o.h
##..?..........####.........#####
...########..####.>.##.######
#### #.............# #
#....#.....##### # ##.r........
#### #......####### .†o#......#.#
##oo..g##.#.#


You could see Jessica.

Vanquished Creatures
  3 adders
  A worm (D:2)
  An orc (D:3)
  A giant cockroach (D:1)
  6 goblins
  5 hobgoblins
  2 kobolds (D:2)
  2 quokkas (D:2)
  2 frilled lizards (D:2)
23 creatures vanquished.

Notes
Turn   | Place    | Note
-------+----------+-------------------------------------------
     0 | D:1      | ohmysez the Octopode Fighter began the quest for the Orb.
     0 | D:1      | Reached XP level 1. HP: 16/16 MP: 1/1
   604 | D:2      | Reached XP level 2. HP: 21/21 MP: 2/2
   822 | D:2      | Reached XP level 3. HP: 26/26 MP: 3/3
  1593 | D:2      | Reached skill level 1 in Stealth
  1943 | D:3      | Noticed Jessica
  1999 | D:3      | Reached XP level 4. HP: 7/31 MP: 4/4
  2031 | D:3      | Killed from afar by Jessica

Illustrated notes

Levels and vault maps discovered:
D:1:      minmay_arrival_plants_in_alcoves, layout_rooms,
          minmay_misc_feat_hallway
D:2:      layout_basic
D:3:      layout_rooms, portal_sewer_entry_e, uniq_jessica

Skill      XL: |  1  2  3 |
---------------+----------+-----
Stealth        | 1 |  1.5
Fighting       | |  3.4
Short Blades   | |  2.7
Dodging        | |  3.3
Shields        | |  3.3

Action                   |  1- 3 |  4- 6 || total
-------------------------+-------+-------++-------
Melee: Rapier            |    55 |       ||    55
       Constrict         |    15 |       ||    15
       Tentacles         |    11 |       ||    11
  Use: Potion            |     3 |       ||     3
       Scroll            |     2 |       ||     2
 Stab: Sleeping          |     6 |       ||     6
Dodge: Dodged            |    24 |       ||    24
Block: Kite shield       |    14 |       ||    14
